 Dungeon Crawl Stone Soup version 0.30.1-4-g462c640d31 (webtiles) character file.

Game seed: 7686377806603498120

222 Wiggles the Trooper (level 5, -1/59 HPs)
             Began as an Ogre Berserker on Aug 23, 2023.
             Was a Believer of Trog.
             Succumbed to an adder's poison
             ... on level 2 of the Dungeon.
             The game lasted 00:02:59 (1533 turns).

Wiggles the Trooper (Ogre Berserker)                Turns: 1533, Time: 00:02:59

Health: -1/59      AC:  3    Str: 23    XL:     5   Next: 99%
Magic:  5/5        EV: 10    Int:  8    God:    Trog [**....]
Gold:   85         SH:  0    Dex:  8    Spells: 4/4 levels left

rFire   . . .        a - +0 hand axe
rCold   . . .        (no shield)
rNeg    . . .        b - +0 animal skin
rPois   .            (helmet restricted)
rElec   .            (no cloak)
rCorr   +            (gloves unavailable)
SInv    .            (boots unavailable)
Will    .....        (no amulet)
Stlth   +            d - ring of resist corrosion
HPRegen 0.29/turn    (no ring)
MPRegen 0.09/turn

%: no passive effects
@: lethally poisoned (-1 -> -7)
A: large, unfitting armour, tough skin 1
a: Renounce Religion, Berserk, Trog's Hand


You were on level 2 of the Dungeon.
You worshipped Trog.
Trog was pleased with you.
You visited 1 branch of the dungeon, and saw 2 of its levels.

You collected 85 gold pieces.

Inventory:

Hand Weapons
 a - a +0 hand axe (weapon)
Armour
 b - a +0 animal skin (worn)
Jewellery
 d - a ring of resist corrosion (left hand)
Scrolls
 c - a scroll of blinking {unknown}
 e - 3 scrolls of identify {unknown}
 f - a scroll of noise {unknown}
 g - 3 scrolls of amnesia {unknown}
 h - a scroll of teleportation {unknown}
 i - a scroll of fog {unknown}
Potions
 j - a potion of curing {unknown}
 k - a potion of ambrosia {unknown}


   Skills:
 + Level 5.7 Fighting
 + Level 4.8 Axes
 + Level 3.6 Dodging
 + Level 0.2 Stealth


You had 4 spell levels left.
You didn't know any spells.
Your spell library was empty.

Dungeon Overview and Level Annotations

Branches:
Dungeon (2/15)

Altars:

Shops:
D:2 [


Innate Abilities, Weirdness & Mutations

You are too large for most types of armour.
You have tough skin. (AC +1)


Message History

The hobgoblin hits you but does no damage.
The adder bites you. The hobgoblin hits you.
The adder bites you but does no damage.
The hobgoblin hits you but does no damage.
The adder bites you but does no damage. The adder barely misses you.
The hobgoblin closely misses you. The adder bites you. The hobgoblin hits you.
The adder barely misses you.
The hobgoblin hits you but does no damage.
The adder bites you but does no damage. The adder bites you.
The hobgoblin barely misses you. The adder closely misses you.
The hobgoblin hits you. The adder barely misses you. The hobgoblin hits you.
The adder completely misses you. The adder bites you but does no damage.
The hobgoblin hits you but does no damage.
The adder bites you. The hobgoblin closely misses you.
The adder barely misses you. The hobgoblin hits you.
The adder bites you but does no damage. The hobgoblin hits you.
The adder bites you but does no damage. The adder bites you.
You are poisoned.
The adder poisons you! The hobgoblin hits you.
* * * LOW HITPOINT WARNING * * *
The adder bites you.
* * * LOW HITPOINT WARNING * * *
You are more poisoned.
The adder poisons you!
* * * LOW HITPOINT WARNING * * *
You feel very sick. The hobgoblin hits you.
* * * LOW HITPOINT WARNING * * *
The adder bites you.
* * * LOW HITPOINT WARNING * * *
* * * LOW HITPOINT WARNING * * *
You feel sick. The hobgoblin hits you.
* * * LOW HITPOINT WARNING * * *
The adder bites you.
* * * LOW HITPOINT WARNING * * *
You die...

#.....##..........###
###.###.##.............
........##########.####
..#......##...# #.#
..#......##.#.#####.#
#........##.#....:#.####
.................)......
##....S#....####.##.####
.....gg@.#### #.##.#
#.....##.# #....# .....
#.# ###### .... ..# ...
... .. #.## # #..... ..
###...##.# # ....#..###
..


You could see an adder and 2 hobgoblins.

Vanquished Creatures
  Sigmund (D:2)
  An adder (D:2)
  2 dart slugs
  4 orcs (D:2)
  6 ball pythons
  2 endoplasms (D:1)
  A giant cockroach (D:1)
  3 goblins (D:1)
  5 hobgoblins
  3 jackals (D:1)
  3 quokkas
  2 bats
  6 frilled lizards
  5 kobolds (D:1)
44 creatures vanquished.

Notes
Turn   | Place    | Note
-------+----------+-------------------------------------------
     0 | D:1      | Wiggles the Ogre Berserker began the quest for the Orb.
     0 | D:1      | Reached XP level 1. HP: 24/24 MP: 1/1
   168 | D:1      | Reached XP level 2. HP: 27/32 MP: 2/2
   498 | D:1      | Reached XP level 3. HP: 33/40 MP: 3/3
   997 | D:2      | Reached ** piety under Trog
  1205 | D:2      | Noticed Sigmund
  1228 | D:2      | Killed Sigmund
  1229 | D:2      | Reached skill level 5 in Fighting
  1229 | D:2      | Reached XP level 4. HP: 28/50 MP: 4/4
  1229 | D:2      | Reached XP level 5. HP: 31/57 MP: 5/5
  1434 | D:2      | Found a transporter.
  1434 | D:2      | Found Ragel's Armour Shoppe.
  1460 | D:2      | Found a transporter.
  1532 | D:2      | HP: 1/59 [adder (3)]
  1533 | D:2      | Succumbed to an adder's poison

Illustrated notes

Levels and vault maps discovered:
D:1:      dpeg_arrival_tiny_i, layout_basic
D:2:      layout_basic, serial_shops, nicolae_shop_drivethru,
          reono_crystal_passage, uniq_sigmund

Skill      XL: |  1  2  3 |
---------------+----------+-----
Dodging        | 3 |  3.6
Fighting       | 5 |  5.7
Axes           | 4 |  4.8
Stealth        | |  0.2

Action                     |  1- 3 |  4- 6 || total
---------------------------+-------+-------++-------
  Melee: Hand axe          |   110 |    15 ||   125
 Invoke: Berserk           |     2 |       ||     2
 Armour: Animal skin       |    47 |    21 ||    68
  Dodge: Dodged            |    67 |    33 ||   100
